 Dungeon Crawl Stone Soup version 0.29-a0-834-g1e95ca9f62 (webtiles) character file.

Game seed: 12963158962810962552

991 RevDB the Grave Robber (level 7, -2/54 HPs)
             Began as a Demonspawn Necromancer on July 12, 2022.
             Was an Initiate of Sif Muna.
             Succumbed to Nato's ghost's poison
             ... on level 5 of the Dungeon.
             The game lasted 00:50:52 (4902 turns).

RevDB the Grave Robber (Demonspawn Necromancer)     Turns: 4902, Time: 00:50:52

Health: -2/54      AC:  6    Str:  9    XL:     7   Next: 98%
Magic:  0/11       EV: 13    Int: 16    God:    Sif Muna [......]
Gold:   336        SH:  0    Dex: 15    Spells: 2/12 levels left

rFire   . . .      SeeInvis .   a - +1 dagger (venom)
rCold   + . .      Faith    .   (no shield)
rNeg    . . .      Spirit   .   g - +0 ring mail
rPois   .          Reflect  .   (helmet restricted)
rElec   .          Harm     .   (no cloak)
rCorr   +          Rampage  .   l - +0 pair of gloves
Will    .....                   (no boots)
Stlth   ++........              (no amulet)
HPRegen 0.18/turn               p - ring of protection from cold
MPRegen 0.12/turn               s - ring of resist corrosion

@: lethally poisoned (-2 -> -19), animating dead
A: horns 1, powered by pain 1, sturdy frame 3
a: Renounce Religion


You were on level 5 of the Dungeon.
You worshipped Sif Muna.
Sif Muna was noncommittal.
You visited 1 branch of the dungeon, and saw 5 of its levels.

You collected 336 gold pieces.

Inventory:

Hand Weapons
 a - a +1 dagger of venom (weapon)
 b - a +3 sling
 d - a +0 dagger
 f - a +0 short sword
 u - a +2 vorpal mace
Missiles
 e - 45 stones
Armour
 g - a +0 ring mail (worn)
 j - a +0 robe
 k - a +0 leather armour
 l - a +0 pair of gloves (worn)
 m - a +0 chain mail
Magical Staves
 t - a staff of cold
Jewellery
 p - a ring of protection from cold (left hand)
 s - a ring of resist corrosion (right hand)
Wands
 x - a wand of flame (21)
Scrolls
 h - a scroll of immolation
 i - a scroll of brand weapon
 n - a scroll of fog
 q - a scroll of teleportation
 y - a scroll of summoning {unknown}
Potions
 c - 6 potions of curing
 o - a potion of flight
 r - a potion of attraction {unknown}
 v - a potion of magic
 w - 2 potions of resistance
 z - a potion of brilliance {unknown}
 A - a potion of heal wounds {unknown}
 B - a potion of berserk rage {unknown}
 C - a potion of invisibility {unknown}
 D - a potion of lignification {unknown}
 E - a potion of degeneration {unknown}


   Skills:
 - Level 4.0 Fighting
 - Level 2.0 Short Blades
 + Level 3.0 Armour
 - Level 4.0 Dodging
 - Level 2.0 Stealth
 - Level 3.0 Spellcasting
 - Level 7.0 Necromancy


You had 2 spell levels left.
You knew the following spells:

 Your Spells              Type           Power      Damage    Failure   Level
a - Necrotise             Necr           96%        1d8       1%          1
b - Vampiric Draining     Necr           24%        2d7       3%          3
c - Animate Dead          Necr           24%        N/A       11%         4
d - Passwall              Tmut/Erth      1%         N/A       28%         2

Your spell library contained the following spells:

 Spells                   Type           Power      Damage    Failure   Level
 Beastly Appendage        Tmut           4%         N/A       19%         1
 Sting                    Tmut/Pois      8%         1d3       19%         1
 Summon Small Mammal      Summ           8%         N/A       19%         1
 Blink                    Tloc           4%         N/A       28%         2
 Ensorcelled Hibernation  Hex/Ice        4%         N/A       28%         2
 Agony                    Necr           24%        N/A       28%         5
 Call Canine Familiar     Summ           2%         N/A       50%         3
 Lesser Beckoning         Tloc           2%         N/A       50%         3
 Portal Projectile        Hex/Tloc       4%         N/A       50%         3
 Swiftness                Air            2%         N/A       50%         3
 Leda's Liquefaction      Hex/Erth       1%         N/A       88%         4
 Freezing Cloud           Conj/Ice/Air   1%         6-21      99%         5
 Manifold Assault         Tloc           2%         N/A       99%         5
 Haunt                    Necr/Summ      6%         N/A       100%        7
 Malign Gateway           Summ/Tloc      1%         N/A       100%        7


Dungeon Overview and Level Annotations

Branches:
Dungeon (5/15)
 Temple: D:4-7

Altars:
Fedhas
Sif Muna
Vehumet
Xom

Annotations:
D:5 1 transporter, Nato's ghost, novice NaBe


Innate Abilities, Weirdness & Mutations

You have a pair of small horns on your head.
You sometimes gain a little power by taking damage.
Your movements are significantly less encumbered by armour. (ER -6)


Message History

You draw life force from the killer bee!
You kill the killer bee!
Sif Muna accepts your kill.
You feel sick.
Training target 4.0 for Fighting reached!
Your Fighting skill increases to level 4!
You need to enable at least one skill for training.
You feel sick.
You see here a killer bee corpse.
You feel sick.
You feel sick. The killer bee closely misses you.
You feel sick. The killer bee closely misses you.
You completely miss the killer bee.
You feel sick. The killer bee completely misses you.
The killer bee closely misses you.
Casting: Vampiric Draining (dangerous; 3% risk of failure)
Confirm with . or Enter, or press ? or * to list all spells.
Okay, then.
Casting: Vampiric Draining (dangerous; 3% risk of failure)
Confirm with . or Enter, or press ? or * to list all spells.
Aiming: Passwall (dangerous; 28% risk of failure)
Press: ? - help, Dir - move target A rock wall.
You feel sick. The killer bee closely misses you. Nato's ghost hits you.
* * * LOW HITPOINT WARNING * * *
The killer bee misses you.
You begin to meditate on the wall.
You continue meditating on the rock.
You feel sick.
You are no longer poisoned.
The killer bee closely misses you. Nato's ghost misses you.
The killer bee completely misses you.
You continue meditating on the rock.
The killer bee stings you.
* * * LOW HITPOINT WARNING * * *
You are lethally poisoned!
The killer bee poisons you! Nato's ghost hits you.
* * * LOW HITPOINT WARNING * * *
You are more poisoned.
The killer bee closely misses you.
You finish merging with the rock.
You die...

#..#####..©..#####.........
#.###...#?..#.#.###......##
#.##..#..###..#..##......#
##.###.).#...#†..# #..#####
#...#####..#.†#####...#
#..###y#.#.W.#y..###.##
#..##..#..###yy#..##.#
#..###...#..y#...###.#
#...#####$!@$.#####..# .
#.#..#############..####
#...)......©............
##.....)............<...
#....................>..
#.......................
#.......................
#................#######
#.............)..#


You could see 4 killer bees.

Vanquished Creatures
  Sigmund (D:2)
  3 ogres
  A necrophage (D:4)
  A scorpion (D:5)
  2 killer bees (D:5)
  A gnoll bouda (D:4)
  An iguana (D:4)
  Ijyb (D:5)
  2 orc wizards (D:3)
  A statue (D:3)
  3 adders (D:5)
  2 gnolls (D:4)
  A worm (D:2)
  2 dart slugs
  9 orcs
  6 endoplasms
  14 giant cockroaches
  4 goblins
  7 hobgoblins
  4 quokkas
  5 ball pythons
  9 bats
  3 frilled lizards
  12 kobolds
  4 rats
99 creatures vanquished.

Vanquished Creatures (collateral kills)
  A kobold brigand (D:5)
  A gnoll (D:4)
  A ball python (D:1)
  An endoplasm (D:4)
  A giant cockroach (D:3)
5 creatures vanquished.

Vanquished Creatures (others)
  2 gnoll zombies (D:4)
  An endoplasm zombie (D:3)
3 creatures vanquished.

Grand Total: 107 creatures vanquished

Notes
Turn   | Place    | Note
-------+----------+-------------------------------------------
     0 | D:1      | RevDB the Demonspawn Necromancer began the quest for the
                  | Orb.
     0 | D:1      | Reached XP level 1. HP: 13/13 MP: 3/3
     2 | D:1      | Noticed a merfolk
     4 | D:1      | Noticed an ogre
     4 | D:1      | Noticed a vine stalker
     6 | D:1      | Noticed a demonspawn
     8 | D:1      | Noticed a demigod
    10 | D:1      | Noticed a tengu
    12 | D:1      | Noticed a felid
    12 | D:1      | Noticed a human
    14 | D:1      | Noticed a gargoyle
    14 | D:1      | Noticed a dwarf
    16 | D:1      | Noticed a minotaur
    16 | D:1      | Noticed a naga
    18 | D:1      | Noticed a troll
    20 | D:1      | Noticed a spriggan
    20 | D:1      | Noticed an octopode
    22 | D:1      | Noticed a formicid
    22 | D:1      | Noticed a ghoul
    24 | D:1      | Noticed an elf
    24 | D:1      | Noticed a draconian
    26 | D:1      | Noticed a vampire
   428 | D:1      | Gained mutation: Your movements are slightly less
                  | encumbered by armour. (ER -2) [demonic ancestry]
   428 | D:1      | Reached XP level 2. HP: 19/19 MP: 0/5
   715 | D:1      | Got the Discourse on Feathery Assembling
   908 | D:1      | Reached skill level 5 in Necromancy
  1320 | D:2      | Reached skill level 1 in Armour
  1336 | D:2      | Gained mutation: You have a pair of small horns on your
                  | head. [demonic ancestry]
  1336 | D:2      | Reached XP level 3. HP: 22/24 MP: 6/6
  1633 | D:2      | Reached skill level 1 in Fighting
  1787 | D:2      | Noticed Sigmund
  2114 | D:3      | Learned a level 3 spell: Vampiric Draining
  2211 | D:3      | Gained mutation: You sometimes gain a little power by
                  | taking damage. [demonic ancestry]
  2211 | D:3      | Reached XP level 4. HP: 25/32 MP: 5/8
  2256 | D:3      | Found a blossoming altar of Fedhas.
  2348 | D:2      | Killed Sigmund
  2349 | D:2      | Reached skill level 6 in Necromancy
  2349 | D:2      | Reached skill level 1 in Short Blades
  2349 | D:2      | Gained mutation: Your movements are less encumbered by
                  | armour. (ER -4) [demonic ancestry]
  2349 | D:2      | Reached XP level 5. HP: 37/37 MP: 6/9
  2425 | D:3      | Found a stormy altar of Qazlal.
  2427 | D:3      | Found a broken altar of Ashenzari.
  2427 | D:3      | Found a shimmering altar of Xom.
  2448 | D:3      | Reached XP level 6. HP: 32/43 MP: 3/10
  2453 | D:3      | Learned a level 4 spell: Animate Dead
  2453 | D:3      | Found a shimmering altar of Xom.
  2453 | D:3      | Found a hazy altar of Hepliaklqana.
  2453 | D:3      | Found a shimmering altar of Xom.
  2584 | D:3      | Found a radiant altar of Vehumet.
  3017 | D:3      | Found a faded altar of an unknown god.
  3993 | D:4      | Found a shimmering blue altar of Sif Muna.
  3999 | D:4      | Became a worshipper of Sif Muna the Loreminder
  4004 | D:4      | Learned a level 2 spell: Passwall
  4008 | D:4      | Got Sif Muna's Grimoire of Toxicity
  4010 | D:4      | Got Sif Muna's Cyclopedia of Evolution
  4127 | D:5      | Entered Level 5 of the Dungeon
  4142 | D:4      | Gained mutation: Your movements are significantly less
                  | encumbered by armour. (ER -6) [demonic ancestry]
  4142 | D:4      | Reached XP level 7. HP: 19/48 MP: 11/11
  4332 | D:5      | Reached skill level 7 in Necromancy
  4817 | D:5      | Noticed Ijyb
  4818 | D:5      | Found a transporter.
  4818 | D:5      | Noticed Nato's ghost (novice NaBe)
  4827 | D:5      | Killed Ijyb
  4835 | D:5      | Found a transporter.
  4901 | D:5      | HP: 2/54 [Nato's ghost (2)]
  4902 | D:5      | Succumbed to Nato's ghost's poison

Illustrated notes

Levels and vault maps discovered:
D:1:      kb_arrival_jail, layout_basic
D:2:      minmay_roachtagon, layout_basic, uniq_sigmund
D:3:      layout_loops_ring, vehumet_statue, fedhas_altar_4,
          doesnt_xom_only_xom, chequers_ecumenical_altar_simple,
          minmay_goblin_kobold_house
D:4:      layout_loops_ring, nicolae_sif_muna_little_library
D:5:      layout_rooms, nemelex_altar_shiori, gammafunk_ghost_hive,
          kb_lookout_dungeons_type, bh_walls_and_bars, uniq_menkaure, uniq_ijyb

Skill      XL: |  1  2  3  4  5  6  7 |
---------------+----------------------+-----
Stealth        | 2 |  2.0
Dodging        | 2 4 |  4.0
Necromancy     | 5 6 7 |  7.0
Armour         | 1 2 3 |  3.0
Fighting       | 1 4 |  4.0
Spellcasting   | 3 |  3.0
Short Blades   | 1 2 |  2.0

Action                   |  1- 3 |  4- 6 |  7- 9 || total
-------------------------+-------+-------+-------++-------
Melee: Unarmed           |     9 |       |       ||     9
       Dagger            |    57 |    67 |    28 ||   152
       Headbutt          |     7 |     7 |     5 ||    19
       Punch             |       |     2 |       ||     2
 Fire: Sling             |       |    24 |       ||    24
 Cast: Necrotise         |    40 |    22 |    15 ||    77
       Vampiric Draining |     1 |     3 |     9 ||    13
       Animate Dead      |       |     3 |     1 ||     4
       Passwall          |       |     2 |     1 ||     3
  Use: Scroll            |       |     7 |       ||     7
 Stab: Sleeping          |     5 |     5 |       ||    10
       Distracted        |     1 |     1 |       ||     2
Armor: Robe              |     2 |       |       ||     2
       Ring mail         |    15 |    11 |     8 ||    34
Dodge: Dodged            |    48 |    30 |    42 ||   120

Table legend: (Time is in decaauts)
 A = Elapsed time spent in this place.
 B = Non-inter-level travel time spent in this place.
 C = Inter-level travel time spent in this place.
 D = Time resting spent in this place.
 E = Time spent auto-exploring this place.
 F = Levels seen in this place.
 G = Mean time per level.
                   A        B        C        D        E       F      G
               +--------+--------+--------+--------+--------+-----+--------+
         Total |   4908 |   4610 |    298 |    798 |   1423 |   5 |  981.6 |
       Dungeon |   4908 |   4610 |    298 |    798 |   1423 |   5 |  981.6 |
               +--------+--------+--------+--------+--------+-----+--------+

Top non-repeatable levels by time:
     D:1: 1217 daAuts
     D:3: 1170 daAuts
     D:2: 969 daAuts
     D:4: 963 daAuts
     D:5: 587 daAuts
